cohdb
Replays
Latest Replays
All Replays
Popular Replays
Top Player Replays
Match Explorer
How It Works
Community
CoH3 Stats
Reddit
Sign in to upload your games and track your stats! →
Sign in with Steam
Match 43334527
Unlisted
Match 43334527
Overview
Messages
Build Orders
End
Panzergrenadier Squad
250 Light Carrier
Panzergrenadier Squad
Construct Light Support Kompanie
Combat Half-tracks
MG34 Team
Construct Mechanized Kompanie
Panzerjäger Mechanized Group
8 Rad Armored Car
Selects Armored Support Battlegroup
Selects Superior Fire Drills
Selects Vehicle Awareness
2.5-tonne Medical Truck
Gaylord Thistlebottom VII
Dr. Alfred Plumville
只想养群猪
SoLo TB
woof_raff
A
0
0
Comments
sign in to comment!
No comments posted yet!